AoeStats
← SCORPION LUK825

Arena

509812156Analyzed
1v1 RM · 6d ago on Sep 28, 2026· 53m 14s· 2 players
Game mode
Random Map
Map size
Tiny (2 player)
Population
200
Speed
Normal
Resources
Standard
Victory
Conquest
Starting age
Dark Age
Ending age
Imperial Age
RankedLock teamsTeams togetherTeam positionsShared explorationLock speedFull tech treeHidden civsTurbo modeCheats
Victory
Defeat
🇨🇱 Franks · Chile
659
+18
🇺🇸 Varangians · United States
697
-42
xboxchaker1196
3:53 Loom
10:36 Feudal Age
11:03 Double-Bit Axe
18:05 Castle Age
15:58 Stone Mining
19:49 Gold Mining
22:10 Bow Saw
26:49 Wheelbarrow
26:55 Gold Shaft Mining
26:13 Man-at-Arms
26:56 Long Swordsman
27:43 Scale Mail Armor
29:07 Fortified Wall
29:47 Hand Cart
31:13 Ballistics
34:21 Imperial Age
37:42 Heavy Scorpion
41:26 Chemistry
40:35 Two-Handed Swordsman
41:36 Chain Mail Armor
41:29 Scale Barding Armor
44:45 Champion
45:32 Cavalier
47:10 Paladin
50:41 Conscription
54:11 Chain Barding Armor
54:01 Forging
54:21 Plate Mail Armor
53:52 Padded Archer Armor
53:42 Fletching
SCORPION LUK825
5:12 Loom
11:28 Feudal Age
11:32 Man-at-Arms
12:36 Double-Bit Axe
16:12 Scale Mail Armor
17:23 Arson
18:32 Forging
22:00 Wheelbarrow
25:35 Castle Age
26:40 Long Swordsman
26:45 Pikeman
30:16 Chain Mail Armor
32:35 Iron Casting
38:03 Hand Cart
39:15 Bow Saw
40:08 Fletching
Connection lost

Rejoining the realm…

Still unreachable

The connection could not be restored.

Session expired

The server has moved on; the page needs a fresh start.